 Dungeon Crawl Stone Soup version 0.30-a0-918-g0ff054e9dc (webtiles) character file.

Game seed: 1919114687417926576

1143 lunkers the Carver (level 8, -12/63 HPs)
             Began as a Meteoran Fighter on Mar 20, 2023.
             Mangled by Gastronok (32 damage)
             ... on level 8 of the Dungeon.
             The game lasted 00:08:34 (2809 turns).

lunkers the Carver (Meteoran Fighter)               Turns: 2809, Time: 00:08:34

Health: -12/63     AC: 10    Str: 17    XL:     8   Next: 96%
Magic:  9/9        EV: 10    Int: 15    God:
Gold:   425        SH:  5    Dex: 17    Spells: 7/7 levels left

rFire   . . .      SeeInvis .    a - +1 long sword (flame)
rCold   . . .      Faith    .    c - +0 buckler
rNeg    . . .      Spirit   .    q - +0 steam dragon scales
rPois   .          Reflect  .    k - +0 helmet
rElec   .          Rampage  .    j - +0 cloak
rCorr   .                        (no gloves)
Will    ++...                    e - +1 pair of boots
Stlth   +                        (no amulet)
HPRegen 0.30/turn                f - ring of willpower
MPRegen 0.11/turn                v - +6 ring of intelligence

@: mighty, glowing
A: sense surroundings 1, otherworldly, glowing, explore regen
a: no special abilities


You were on level 8 of the Dungeon.
You visited 1 branch of the dungeon, and saw 8 of its levels.
You also visited: Sewer.

You collected 425 gold pieces.

Inventory:

Hand Weapons
 a - a +1 long sword of flaming (weapon)
Armour
 b - a +0 scale mail
 c - a +0 buckler (worn)
 e - a +1 pair of boots (worn)
 j - a +0 cloak (worn)
 k - a +0 helmet (worn)
 q - +0 steam dragon scales (worn)
Jewellery
 f - a ring of willpower (left hand)
 v - a +6 ring of intelligence (right hand)
Wands
 w - a wand of quicksilver (2)
Scrolls
 i - a scroll of brand weapon
 l - a scroll of enchant armour
 p - 2 scrolls of teleportation
 r - 3 scrolls of identify
 t - a scroll of enchant weapon
Potions
 d - a potion of might
 g - a potion of resistance
 h - a potion of heal wounds
 m - a potion of brilliance
 n - a potion of flight
 o - 2 potions of cancellation
 s - 4 potions of curing
 u - a potion of degeneration {unknown}


   Skills:
 - Level 3.2 Fighting
 + Level 11.7 Long Blades
 - Level 3.6 Armour
 - Level 3.6 Shields


You had 7 spell levels left.
You didn't know any spells.
Your spell library contained the following spells:

 Spells                   Type           Power      Damage    Failure   Level
 Kiss of Death            Conj/Necr      0%         2d5       34%         1
 Cigotuvi's Dreadful Rot  Necr/Pois/Air  0%         N/A       47%         2
 Poisonous Vapours        Pois/Air       0%         N/A       47%         2
 Call Canine Familiar     Summ           0%         N/A       71%         3
 Confusing Touch          Hex            0%         N/A       71%         3
 Ignite Poison            Fire/Tmut/Pois 0%         N/A       71%         3
 Mephitic Cloud           Conj/Pois/Air  0%         N/A       71%         3
 Portal Projectile        Hex/Tloc       0%         N/A       71%         3
 Dispel Undead            Necr           0%         3d6       98%         4
 Leda's Liquefaction      Hex/Erth       0%         N/A       98%         4
 Sticky Flame             Conj/Fire      0%         2d3       98%         4
 Ignition                 Fire           0%         3d3       100%        8


Dungeon Overview and Level Annotations

Branches:
Dungeon (7/15) Zot: 2299    Sewer (visited)
 Temple: D:4-7

Altars:
Yredelemnul

Annotations:
D:6 Dowan, Duvessa, Prince Ribbit
D:8 Gastronok


Innate Abilities, Weirdness & Mutations

You passively map a small area around you.
You are easily found by Zot.
You glow in the dark.
You regain HP and MP as you explore.


Message History

Items here: ( )) [[.
Things that are here:
a +0 short sword; an orc corpse Gastronok the Ponderous comes into view.
Gastronok gurgles horribly!
You feel very mighty all of a sudden.
You hit Gastronok. You burn Gastronok.
Gastronok is lightly wounded.
You slice Gastronok!! You burn Gastronok!
Gastronok is moderately wounded.
Gastronok's eyestalks quiver as he mumbles some strange words.
Gastronok puts on a burst of speed!
You slash Gastronok! You burn Gastronok.
Gastronok is moderately wounded.
You slash Gastronok! You burn Gastronok.
Gastronok is heavily wounded.
You slash Gastronok! You burn Gastronok.
Gastronok is heavily wounded.
Gastronok bites you!
You slash Gastronok! You burn Gastronok.
Gastronok is heavily wounded.
You hit Gastronok. You burn Gastronok.
Gastronok is severely wounded.
Gastronok bites you!!
Ouch! That really hurt!
* * * LOW HITPOINT WARNING * * *
You slash Gastronok! You burn Gastronok.
Gastronok is severely wounded.
You hit Gastronok. You burn Gastronok.
Gastronok is severely wounded.
Gastronok barely misses you.
You slash Gastronok! You burn Gastronok.
Gastronok is almost dead.
You slash Gastronok! You burn Gastronok.
Gastronok is almost dead.
You hit Gastronok. You burn Gastronok.
Gastronok is almost dead.
Gastronok bites you!!
Ouch! That really hurt!
You die...

#. ##≈~ , #.*#≈~# , ,
#.##≈.# , ######....# ~
~** ..........####
#########
........#))..###........
........####...#........
..?.....# ###..........
.......@# ##......... ,
.......w# ##...[....
........# #........
........# #......)#
........# #.......#
........# #.......#
......... , #.......#
......... #........ , ,
#........


You could see Gastronok (swift).

Vanquished Creatures
  A steam dragon (D:6)
  An orc warrior (D:8)
  An ice beast (D:5)
  A bullfrog (D:8)
  3 scorpions
  A howler monkey (D:4)
  2 hounds (D:5)
  An orc priest (D:3)
  A gnoll bouda (D:4)
  A jelly (D:6)
  An iguana (D:7)
  4 sleepcaps
  4 gnolls (D:4)
  2 river rats
  12 adders
  2 worms
  24 orcs
  6 ball pythons
  7 bats
  4 endoplasms
  3 giant cockroaches (D:4)
  6 goblins
  4 hobgoblins
  6 kobolds
  4 quokkas
  6 frilled lizards
  13 rats
121 creatures vanquished.

Notes
Turn   | Place    | Note
-------+----------+-------------------------------------------
     0 | D:1      | lunkers the Meteoran Fighter began the quest for the Orb.
     0 | D:1      | Reached XP level 1. HP: 19/19 MP: 2/2
    36 | D:1      | Reached skill level 3 in Long Blades
    36 | D:1      | Reached XP level 2. HP: 26/26 MP: 3/3
   127 | D:1      | Reached XP level 3. HP: 28/31 MP: 4/4
   133 | D:1      | Reached skill level 4 in Long Blades
   496 | D:3      | Reached skill level 5 in Long Blades
   496 | D:3      | Reached XP level 4. HP: 25/38 MP: 5/5
   671 | D:3      | Reached XP level 5. HP: 27/45 MP: 6/6
   727 | D:3      | Found a glowing drain.
   731 | Sewer    | Entered a sewer
   747 | Sewer    | Reached skill level 6 in Long Blades
   899 | Sewer    | Reached XP level 6. HP: 48/51 MP: 7/7
  1184 | D:3      | Reached skill level 7 in Long Blades
  1267 | D:4      | Found a basalt altar of Yredelemnul.
  1484 | D:4      | Reached skill level 8 in Long Blades
  1484 | D:4      | Reached XP level 7. HP: 45/57 MP: 8/8
  1735 | D:5      | Entered Level 5 of the Dungeon
  1856 | D:5      | Reached skill level 9 in Long Blades
  2078 | D:5      | Reached XP level 8. HP: 63/63 MP: 9/9
  2246 | D:6      | Noticed a steam dragon
  2263 | D:6      | Killed a steam dragon
  2264 | D:6      | Reached skill level 10 in Long Blades
  2334 | D:6      | Noticed Prince Ribbit
  2339 | D:6      | Noticed Dowan
  2342 | D:6      | Noticed Duvessa
  2355 | D:6      | HP: 3/63 [Duvessa/+0 short sword (7)]
  2701 | D:7      | Reached skill level 11 in Long Blades
  2713 | D:7      | You fall into a shaft and drop 1 floor!
  2793 | D:8      | Noticed Gastronok
  2809 | D:8      | Mangled by Gastronok

Illustrated notes

Levels and vault maps discovered:
D:1:      spicycebolla_green_bress_n_ham_2, layout_loops_ring,
          shapermc_ecumenical_altar_acropolis
D:2:      layout_loops_ring, uniq_crazy_yiuf_cottage
D:3:      layout_basic, gup_sewer_entry_spiral, hangedman_decor_growths,
          hellmonk_no_cap
D:4:      layout_cave_pools, nicolae_overflow_hidden_temple
D:5:      layout_basic
D:6:      layout_layer_cave, minmay_temple_entry_wispy, uniq_prince_ribbit1,
          uniq_duvessa
D:7:      layout_basic
D:8:      layout_basic, pdpol_wu_jian_five_deadly_venoms,
          chequers_serial_rivers_small_b, minmay_microvault, uniq_gastronok

Skill      XL: |  1  2  3  4  5  6  7  8 |
---------------+-------------------------+-----
Long Blades    | 3 5 6 8 9 11 | 11.7
Fighting       | |  3.2
Armour         | |  3.6
Shields        | |  3.6

Action                     |  1- 3 |  4- 6 |  7- 9 || total
---------------------------+-------+-------+-------++-------
  Melee: Long sword        |    82 |   219 |   158 ||   459
    Use: Scroll            |       |    14 |     4 ||    18
         Potion            |       |       |     3 ||     3
 Armour: Scale mail        |    60 |   127 |    47 ||   234
         Steam dragon scal |       |       |    29 ||    29
  Dodge: Dodged            |    41 |    73 |    56 ||   170
  Block: Buckler           |    21 |    43 |    36 ||   100

Table legend: (Time is in decaauts)
 A = Elapsed time spent in this place.
 B = Non-inter-level travel time spent in this place.
 C = Inter-level travel time spent in this place.
 D = Time resting spent in this place.
 E = Time spent auto-exploring this place.
 F = Levels seen in this place.
 G = Mean time per level.
                   A        B        C        D        E       F      G
               +--------+--------+--------+--------+--------+-----+--------+
         Total |   2951 |   2911 |     40 |      0 |   1795 |   9 |  327.9 |
       Dungeon |   2500 |   2460 |     40 |      0 |   1545 |   8 |  312.5 |
         Sewer |    451 |    451 |      0 |      0 |    250 |   1 |  451.0 |
               +--------+--------+--------+--------+--------+-----+--------+

Top non-repeatable levels by time:
     D:3: 515 daAuts
     D:4: 476 daAuts
   Sewer: 451 daAuts
     D:5: 353 daAuts
     D:6: 329 daAuts
     D:7: 289 daAuts
     D:2: 270 daAuts
     D:1: 175 daAuts
     D:8: 89 daAuts
